 Dungeon Crawl Stone Soup version 0.25.1-2-g60ff931df9 (webtiles) character file.

Game seed: 5415163457995065100

178010 Elvor the Warrior (level 17, -9/166 HPs)
             Began as a Minotaur Fighter on Aug 26, 2020.
             Was the Champion of Okawaru.
             Mangled by a spark wasp (10 damage)
             ... on level 4 of the Spider Nest on Aug 27, 2020.
             The game lasted 05:32:40 (32235 turns).

Elvor the Warrior (Minotaur Fighter)               Turns: 32235, Time: 05:32:41

Health: -9/166     AC: 29    Str: 26    XL:     17   Next: 56%
Magic:  0/17       EV:  6    Int:  6    God:    Okawaru [******]
Gold:   5646       SH:  0    Dex: 11    Spells: 14/16 levels left

rFire    + + .     SeeInvis +   Z - +2 morningstar (pain)
rCold    + + .     Gourm    .   e - +1 tower shield {rC+ rF+}
rNeg     . . .     Faith    .   T - +4 plate armour of the Crypt {rElec SInv Stlth+}
rPois    +         Spirit   +   s - +0 hat
rElec    +         Reflect  .   Q - scarf {rC+ rF+}
rCorr    .         Harm     .   h - +0 pair of gloves
MR       +....                  p - +2 pair of boots {Stlth+}
Stlth    ..........             j - amulet of guardian spirit
HPRegen  0.37/turn              I - +4 ring of protection
MPRegen  0.15/turn              i - ring of poison resistance

@: held
A: retaliatory headbutt, horns 2
a: Heroism, Finesse, Renounce Religion


You were on level 4 of the Spider Nest.
You worshipped Okawaru.
Okawaru was exalted by your worship.
You were not hungry.

You visited 5 branches of the dungeon, and saw 28 of its levels.
You also visited: Ice Cave.

You collected 5950 gold pieces.
You spent 304 gold pieces at shops.

Inventory:

Hand Weapons
 Z - a +2 morningstar of pain (weapon)
Missiles
 d - 14 javelins
 U - 26 boomerangs (quivered)
 X - 8 atropa-tipped darts
Armour
 c - the +1 crystal plate armour "Neim" {Str+4}
   (Okawaru gifted it to you on level 2 of the Spider Nest)

   It affects your strength (+4).
 e - a +1 tower shield of resistance (worn)
 h - a +0 pair of gloves (worn)
 p - a +2 pair of boots of stealth (worn)
 q - the -5 buckler "Siphod" {Int+3}
   (You found it on level 3 of the Spider Nest)

   It affects your intelligence (+3).
 s - a +0 hat (worn)
 z - the +0 kite shield of the Wild Haggis {rPois}
   (You took it off Asterion on level 1 of the Spider Nest)

   It protects you from poison.
 D - a +0 cloak
 Q - a scarf of resistance (worn)
 T - the +4 plate armour of the Crypt (worn) {rElec SInv Stlth+}
   (Okawaru gifted it to you on level 6 of the Lair of Beasts)

   It insulates you from electricity.
   It lets you see invisible.
   It makes you more stealthy.
Jewellery
 i - a ring of poison resistance (right hand)
 j - an amulet of guardian spirit (around neck)
 u - an uncursed ring of protection from magic
 I - a +4 ring of protection (left hand)
 S - a +4 ring of protection
 V - a +4 ring of evasion
Wands
 a - a wand of digging (7)
 b - a wand of iceblast (20)
 l - a wand of polymorph (7)
 o - a wand of disintegration (24)
 y - a wand of paralysis (14)
 E - a wand of acid (21)
 G - a wand of clouds (4)
 H - a wand of flame (64)
Scrolls
 r - 13 scrolls of teleportation
 t - 4 scrolls of remove curse
 v - a scroll of enchant armour
 w - 8 scrolls of magic mapping
 x - 4 scrolls of blinking
 F - 3 scrolls of torment
 J - 2 scrolls of fog
 L - 6 scrolls of fear
 P - 4 scrolls of immolation
 Y - a scroll of holy word
Potions
 g - 2 potions of resistance
 k - a potion of flight
 m - 9 potions of curing
 A - a potion of lignification {unknown}
 B - 2 potions of invisibility
 C - a potion of berserk rage {unknown}
 K - 3 potions of might
 M - a potion of magic {unknown}
 N - a potion of ambrosia {unknown}
 W - a potion of mutation {unknown}
Miscellaneous
 O - a phial of floods
Comestibles
 f - 30 rations


   Skills:
 * Level 18.8 Fighting
   Level 4.1 Long Blades
 + Level 17.4 Maces & Flails
   Level 4.6(8.1) Slings
 + Level 9.4(9.8) Throwing
 + Level 13.6 Armour
 * Level 10.9 Dodging
 - Level 0.2 Stealth
 + Level 16.8 Shields
 + Level 2.6 Invocations
 + Level 0.6 Evocations


You had 14 spell levels left.
You knew the following spells:

 Your Spells              Type           Power        Failure   Level  Hunger
a - Passwall              Tmut/Erth      #.......     100%        2    ###....

Your spell library contained the following spells:

 Spells                   Type           Power        Failure   Level  Hunger
 Foxfire                  Conj/Fire      #...         100%        1    ##.....
 Infusion                 Chrm           #...         100%        1    ##.....
 Magic Dart               Conj           #...         100%        1    ##.....
 Sandblast                Erth           #.....       100%        1    ##.....
 Sting                    Tmut/Pois      #...         100%        1    ##.....
 Poisonous Vapours        Pois/Air       #.....       100%        2    ###....
 Searing Ray              Conj           #.....       100%        2    ###....
 Shroud of Golubria       Chrm/Tloc      #.....       100%        2    ###....
 Song of Slaying          Chrm           #.......     100%        2    ###....
 Conjure Flame            Conj/Fire      #.......     100%        3    ####...
 Dazzling Flash           Conj/Hex       #.....       100%        3    ####...
 Ignite Poison            Fire/Tmut/Pois #.......     100%        3    ####...
 Inner Flame              Hex/Fire       #.......     100%        3    ####...
 Mephitic Cloud           Conj/Pois/Air  #.......     100%        3    ####...
 Ozocubu's Armour         Chrm/Ice       #.......     100%        3    ####...
 Recall                   Summ/Tloc      N/A          100%        3    ####...
 Spectral Weapon          Hex/Chrm       #.......     100%        3    ####...
 Stone Arrow              Conj/Erth      #.....       100%        3    ####...
 Fulminant Prism          Conj/Hex       #.........   100%        4    #####..
 Ice Form                 Ice/Tmut       #.......     100%        4    #####..
 Iskenderun's Mystic Bla  Conj/Tloc      #.......     100%        4    #####..
 Petrify                  Tmut/Erth      #.......     100%        4    #####..
 Sticky Flame             Conj/Fire      #.......     100%        4    #####..
 Aura of Abjuration       Summ           #.........   100%        5    ######.
 Blade Hands              Tmut           #.........   100%        5    ######.
 Fireball                 Conj/Fire      #.........   100%        5    ######.
 Lee's Rapid Deconstruct  Erth           #.........   100%        5    ######.
 Summon Demon             Summ           #.........   100%        5    ######.
 Summon Forest            Summ/Tloc      #.........   100%        5    ######.
 Summon Mana Viper        Hex/Summ       #.......     100%        5    ######.
 Yara's Violent Unravell  Hex/Tmut       #.........   100%        5    ######.
 Freezing Cloud           Conj/Ice/Air   #.........   100%        6    #######
 Shadow Creatures         Summ           N/A          100%        6    #######
 Statue Form              Tmut/Erth      #........    100%        6    #######
 Ring of Flames           Chrm/Fire      #.........   100%        7    #######


Dungeon Overview and Level Annotations

Branches:
Dungeon (15/15)            Temple (1/1) D:5            Lair (6/6) D:8
  Swamp (0/4) Lair:2       Spider (4/4) Lair:3        Slime (0/5) Lair:6
    Orc (2/2) D:12            Elf (0/3) Orc:2        Vaults (0/5) D:13
 Depths (0/5) D:15          IceCv (visited)

Altars:
Ashenzari
Cheibriados
Dithmenos
Elyvilon
Fedhas
Gozag
Hepliaklqana
Kikubaaqudgha
Makhleb
Nemelex Xobeh
Okawaru
Qazlal
Ru
Sif Muna
Trog
Uskayaw
Vehumet
Wu Jian
Xom
Yredelemnul
Zin
The Shining One
Beogh

Shops:
Orc:2 }([=

Portals:
Trove: D:13 (give +8 demon trident)


Innate Abilities, Weirdness & Mutations

You reflexively headbutt those who attack you in melee.
You have a pair of horns on your head.


Message History

The ghost moth stares at you. You block the hornet's attack.
The jumping spider leaps!
You feel better. You block the tarantella's attack.
You block the wolf spider's attack. x2; You block the hornet's attack.
The spark wasp stings you!
* * * LOW HITPOINT WARNING * * *
The spark wasp shocks you. You resist.
* * * LOW HITPOINT WARNING * * *
The jumping spider pounces on you.
* * * LOW HITPOINT WARNING * * *
You are caught in a web!
The jumping spider barely misses you.
The tarantella rages.
The tarantella bites you but does no damage.
The wolf spider barely misses you.
The wolf spider bites you but does no damage.
The jumping spider leaps!
The moth of wrath goads the redback on!
The redback goes berserk!
The hornet stings you but does no damage.
The spark wasp stings you!
You die...

^................##
....†......^.....≈#
........^^.########
^≈^^#####.^.^.^.^.######## .
#####..^^...^.^^..^^^^≈≈.#####.^
^.^.^......^^○s^s.°#....^^s..^y#
............s^^.ysy^.....°.....^
..........^....syss#.......y....
..........^.?≈.s@yssy...........
.....^.....########ys≈†....s.≈..
#########^.^. ###.^...^##..^
.^≈.... ###.≈^## ## ..^......
##### .........^ ......


You could see a ghost moth (invisible), 2 spark wasps, a demonic crawler, a wolf
spider (berserk), a moth of wrath, 2 hornets, 3 jumping spiders, 4 tarantellas
and 2 redbacks.

Vanquished Creatures
  Rupert (D:15)
  Asterion (Spider:1)
  Kirke (Spider:1)
  Roxanne (D:14)
  A storm dragon (D:15)
  A fire giant (D:15)
  A frost giant (IceCv)
  5 ghost moths
  2 emperor scorpions
  An orc warlord (Orc:2)
  A stone giant (Orc:1)
  Nessos (Lair:4)
  3 entropy weavers
  A spark wasp (Spider:3)
  Azrael (D:11)
  An ettin (Orc:2)
  Snorg (Lair:4)
  A fire dragon (Lair:6)
  Josephine (Spider:1)
  A yaktaur captain (D:15)
  Fannar (D:10)
  4 vault guards (D:13)
  7 hydras
  3 centaur warriors
  8 death yaks
  7 two-headed ogres
  Sonja (Lair:5)
  Nergalle (D:10)
  Urug (Lair:4)
  4 skeletal warriors (D:15)
  Pikel (D:5)
  3 unseen horrors
  A wizard (D:13)
  2 orc knights
  The ghost of emsyzz the Thaumaturge, a novice DEFE (D:9)
  A necromancer (D:13)
  A lindwurm (Lair:6)
  A deep elf mage (D:14)
  13 orb spiders
  6 oklob plants (Lair:6)
  25 wolf spiders
  4 orc sorcerers
  A wolf spider zombie (D:14)
  11 ugly things
  2 moths of wrath (Spider:2)
  2 cyclopes
  4 manticores
  3 black mambas
  3 elephants (Lair:6)
  An ice statue (IceCv)
  A water nymph (shapeshifter) (D:15)
  Psyche (D:10)
  4 centaur skeletons
  2 gargoyles
  8 torpor snails
  9 spiny frogs
  2 rime drakes
  2 freezing wraiths
  2 kobold demonologists
  A yaktaur (D:15)
  14 demonic crawlers
  10 komodo dragons
  10 hornets
  8 trolls
  35 jumping spiders
  15 polar bears
  A jumping spider (shapeshifter) (D:15)
  3 meliai (D:13)
  12 blink frogs
  6 tyrant leeches
  7 hippogriffs
  4 dream sheep (Lair:6)
  A meliai zombie (D:13)
  3 slime creatures (D:14)
  A vampire (D:12)
  A shadow (D:13)
  25 tarantellas
  6 wraiths
  83 redbacks
  19 humans
  2 wyverns
  A basilisk (Lair:3)
  4 fire elementals
  A basilisk (shapeshifter) (D:13)
  72 yaks
  4 hogs (D:8)
  7 hungry ghosts
  3 wargs (Orc:1)
  6 vampire mosquitoes
  A soldier ant (shapeshifter) (D:15)
  An acid dragon (D:8)
  16 water moccasins
  2 hell hounds (D:12)
  40 orc warriors
  A swamp drake (D:12)
  9 porcupines
  3 sky beasts
  3 black bears
  10 ice beasts
  2 eyes of draining
  4 slaves (D:5)
  3 phantoms
  29 wolves
  4 boggarts (Lair:6)
  2 necrophages
  7 ogres
  5 big kobolds
  11 centaurs
  11 crocodiles
  22 bullfrogs
  A water moccasin skeleton (D:11)
  4 scorpions
  12 killer bees
  15 wights
  An electric eel (Lair:6)
  7 howler monkeys
  6 crimson imps
  2 bullfrog zombies (D:12)
  4 centaur zombies
  2 quasits
  6 hounds
  5 jellies
  39 orc wizards
  31 orc priests
  A bullfrog skeleton (D:6)
  6 iguanas
  6 hell rats (Lair:4)
  16 worker ants
  A hound skeleton (D:9)
  9 adders
  A river rat (D:5)
  2 shadow imps
  An ooze (D:3)
  2 worms
  3 dart slugs
  3 leopard geckos
  147 orcs
  3 ball pythons
  10 bats
  8 giant cockroaches
  8 goblins
  3 hobgoblins
  13 jackals
  3 quokkas
  3 frilled lizards (D:2)
  30 kobolds
  A leopard gecko skeleton (D:5)
  A quokka zombie (D:5)
  6 rats
  A fungus (Lair:1)
  2 plants
1157 creatures vanquished.

Vanquished Creatures (others)
  An ugly thing (D:12)
  A komodo dragon (D:12)
  4 humans (Spider:1)
  9 fungi
  9 plants
24 creatures vanquished.

Grand Total: 1181 creatures vanquished

Notes
Turn   | Place    | Note
-------+----------+-------------------------------------------
     0 | D:1      | Elvor the Minotaur Fighter began the quest for the Orb.
     0 | D:1      | Reached XP level 1. HP: 19/19 MP: 0/0
   144 | D:1      | Reached XP level 2. HP: 27/27 MP: 1/1
   775 | D:2      | Reached skill level 4 in Fighting
   775 | D:2      | Reached XP level 3. HP: 30/33 MP: 2/2
  1293 | D:2      | Reached skill level 1 in Slings
  1499 | D:3      | Reached XP level 4. HP: 40/40 MP: 3/3
  1538 | D:3      | Reached XP level 5. HP: 7/47 MP: 4/4
  1656 | D:3      | Found a burning altar of Makhleb.
  1848 | D:4      | Reached skill level 1 in Dodging
  1939 | D:4      | Reached skill level 5 in Fighting
  1939 | D:4      | Reached XP level 6. HP: 15/56 MP: 5/5
  2549 | D:5      | Entered Level 5 of the Dungeon
  2579 | D:5      | You fall into a shaft and drop 2 floors!
  2650 | D:7      | Reached skill level 5 in Maces & Flails
  2650 | D:7      | Reached skill level 5 in Armour
  2757 | D:7      | Reached XP level 7. HP: 58/62 MP: 6/6
  2852 | D:7      | Reached skill level 6 in Fighting
  2941 | D:7      | Reached skill level 5 in Shields
  3685 | D:6      | Reached XP level 8. HP: 71/71 MP: 7/7
  4050 | D:6      | Reached skill level 7 in Fighting
  4294 | D:6      | Found a sacrificial altar of Ru.
  4294 | D:6      | Found a hide-covered altar of Uskayaw.
  4294 | D:6      | Found a glowing silver altar of Zin.
  4457 | D:5      | Found a staircase to the Ecumenical Temple.
  4471 | D:5      | Noticed Pikel
  4474 | Temple   | Entered the Ecumenical Temple
  4479 | Temple   | Became a worshipper of Warmaster Okawaru
  4666 | D:5      | Killed Pikel
  4666 | D:5      | Reached skill level 8 in Fighting
  4666 | D:5      | Reached XP level 9. HP: 42/81 MP: 8/8
  4685 | D:5      | Found a white marble altar of Elyvilon.
  4688 | D:5      | Found an ancient bone altar of Kikubaaqudgha.
  4807 | D:5      | Found a bloodstained altar of Trog.
  4809 | D:5      | Found a radiant altar of Vehumet.
  5451 | D:8      | Noticed a two-headed ogre
  5649 | D:8      | You fall into a shaft and drop 1 floor!
  5824 | D:9      | Reached * piety under Okawaru
  5852 | D:9      | Found a runed translucent door.
  5857 | D:9      | Noticed emsyzz's ghost (novice DEFE)
  6426 | D:8      | Reached skill level 9 in Fighting
  6470 | D:8      | Found a staircase to the Lair.
  6471 | D:8      | Noticed a komodo dragon
  6481 | D:8      | Killed a komodo dragon
  6481 | D:8      | Reached skill level 1 in Throwing
  6537 | D:8      | Killed a two-headed ogre
  6537 | D:8      | Reached ** piety under Okawaru
  6537 | D:8      | Reached XP level 10. HP: 74/90 MP: 6/9
  6611 | D:8      | Reached skill level 10 in Maces & Flails
  6948 | D:8      | Reached *** piety under Okawaru
  6948 | D:8      | Reached skill level 10 in Fighting
  7629 | D:9      | Killed emsyzz's ghost
  7629 | D:9      | Reached **** piety under Okawaru
  7663 | D:10     | Entered Level 10 of the Dungeon
  7663 | D:10     | Noticed Psyche
  7708 | D:10     | Killed Psyche
  7757 | D:10     | Noticed Fannar
  7827 | D:10     | Killed Fannar
  7827 | D:10     | Reached XP level 11. HP: 68/100 MP: 10/10
  7992 | D:10     | Paralysed by a hornet for 3 turns
  8132 | D:10     | Noticed Nergalle
  8151 | D:10     | Killed Nergalle
  8162 | D:10     | Reached skill level 11 in Fighting
  8391 | D:10     | Reached ***** piety under Okawaru
  8447 | D:11     | Noticed a two-headed ogre
  8629 | D:11     | Noticed a green ugly thing
  8634 | D:11     | Noticed a two-headed ogre
  8644 | D:11     | Killed a two-headed ogre
  8658 | D:10     | Killed a green ugly thing
  8658 | D:10     | Reached skill level 10 in Shields
  9006 | D:11     | Killed a two-headed ogre
  9314 | D:11     | Received a gift from Okawaru
 10136 | D:12     | Reached skill level 12 in Fighting
 10136 | D:12     | Reached XP level 12. HP: 77/112 MP: 9/11
 10261 | D:12     | Found a staircase to the Orcish Mines.
 10680 | D:12     | Noticed Azrael
 10717 | D:11     | HP: 1/112 [fire elemental[Azrael] (13)]
 11026 | D:11     | Killed Azrael
 11824 | D:13     | Reached skill level 10 in Armour
 12127 | Lair:1   | Entered Level 1 of the Lair of Beasts
 12482 | Lair:1   | Received a gift from Okawaru
 12553 | Lair:1   | Reached skill level 13 in Fighting
 12657 | Lair:1   | Noticed a four-headed hydra
 12667 | Lair:1   | Killed a one-headed hydra
 12793 | Lair:1   | Reached skill level 1 in Long Blades
 13199 | Lair:2   | Reached XP level 13. HP: 69/122 MP: 12/12
 13213 | Lair:2   | You fall into a shaft and drop 1 floor!
 13297 | Lair:2   | Received a gift from Okawaru
 13439 | Lair:2   | Found a frozen archway.
 13479 | IceCv    | Entered an ice cave
 13980 | IceCv    | Reached skill level 14 in Fighting
 14114 | IceCv    | Reached skill level 5 in Throwing
 14704 | IceCv    | Reached skill level 15 in Maces & Flails
 14777 | IceCv    | Noticed a frost giant
 14800 | IceCv    | Killed a frost giant
 14800 | IceCv    | Reached skill level 1 in Invocations
 14816 | IceCv    | Received a gift from Okawaru
 15312 | Lair:2   | Found a staircase to the Swamp.
 15778 | Lair:3   | Found a hole to the Spider Nest.
 16012 | Lair:3   | Reached XP level 14. HP: 133/133 MP: 13/13
 16018 | Lair:3   | Got a slimy scale mail
 16175 | Lair:3   | Identified the +4 scale mail of Fortitude {Harm rN+++ MP+9
                  | Str-5} (You found it on level 3 of the Lair of Beasts)
 16515 | Lair:4   | Noticed Snorg
 16541 | Lair:4   | Killed Snorg
 16541 | Lair:4   | Reached skill level 15 in Fighting
 16881 | Lair:4   | Noticed Nessos
 16903 | Lair:4   | Killed Nessos
 17111 | Lair:4   | Received a gift from Okawaru
 17267 | Lair:4   | Noticed Urug
 17284 | Lair:4   | Killed Urug
 17911 | Lair:5   | Noticed Sonja
 17925 | Lair:5   | Killed Sonja
 18308 | Lair:6   | Entered Level 6 of the Lair of Beasts
 18415 | Lair:6   | Received a gift from Okawaru
 18564 | Lair:6   | Reached ****** piety under Okawaru
 18630 | Lair:6   | Reached skill level 5 in Dodging
 18631 | Lair:6   | Found a runed translucent door.
 19149 | Lair:6   | Received a gift from Okawaru
 19157 | Lair:6   | Got a shimmering plate armour {god gift}
 19168 | Lair:6   | Identified the +4 plate armour of the Crypt {rElec SInv
                  | Stlth+} (Okawaru gifted it to you on level 6 of the Lair of
                  | Beasts)
 19258 | Lair:6   | Reached skill level 16 in Fighting
 19336 | Lair:6   | Paralysed by a hornet for 3 turns
 19632 | Lair:6   | Found a staircase to the Slime Pits.
 20050 | Lair:6   | Reached XP level 15. HP: 110/144 MP: 15/15
 21078 | Orc:1    | Entered Level 1 of the Orcish Mines
 21166 | Orc:2    | Entered Level 2 of the Orcish Mines
 21385 | Orc:1    | Found a roughly hewn altar of Beogh.
 21727 | Orc:2    | Found a staircase to the Elven Halls.
 21771 | Orc:2    | Found a roughly hewn altar of Beogh.
 22264 | Orc:2    | Found a roughly hewn altar of Beogh.
 22291 | Orc:2    | Found Qupyd's Gadget Emporium.
 22380 | Orc:2    | Found a roughly hewn altar of Beogh.
 22446 | Orc:2    | Noticed an orc warlord
 22524 | Orc:2    | Killed an orc warlord
 22682 | Orc:2    | Found Tunuun's Antique Armour Shoppe.
 22683 | Orc:2    | Found a roughly hewn altar of Beogh.
 22684 | Orc:2    | Found Luattasu's Antique Weapon Emporium.
 22715 | Orc:2    | Bought a warped chain mail for 304 gold pieces
 22725 | Orc:2    | Identified the +6 chain mail of Defence {Int-2 SInv Stlth+}
                  | (You bought it in a shop on level 2 of the Orcish Mines)
 22850 | Orc:2    | Found a roughly hewn altar of Beogh.
 22880 | Orc:2    | Found Tivaf's Jewellery Emporium.
 23506 | D:13     | Found a portal to a secret trove of treasure.
 23695 | D:13     | Received a gift from Okawaru
 23767 | D:13     | Identified 2 scrolls of acquirement
 23980 | D:13     | Found a gate to the Vaults.
 23986 | D:13     | Reached skill level 17 in Fighting
 24306 | D:14     | Received a gift from Okawaru
 24309 | D:14     | Got a translucent chain mail {god gift}
 24320 | D:14     | Identified the +2 chain mail of Poor Excuses {rElec Int+4
                  | Stlth+} (Okawaru gifted it to you on level 14 of the
                  | Dungeon)
 24536 | D:14     | Identified Roxanne's Handbook of Changing
 24536 | D:14     | Noticed Roxanne
 24583 | D:14     | Killed Roxanne
 24900 | D:15     | Entered Level 15 of the Dungeon
 25066 | D:15     | Noticed Rupert
 25094 | D:15     | Killed Rupert
 25277 | D:15     | Found a staircase to the Depths.
 25284 | D:15     | Reached XP level 16. HP: 134/155 MP: 16/16
 25450 | D:15     | Reached skill level 15 in Shields
 25555 | D:15     | Noticed a storm dragon
 25567 | D:15     | Killed a storm dragon
 25907 | D:15     | Identified the Catalogue of Transmutation
 25971 | D:15     | Learned a level 2 spell: Passwall
 26280 | D:12     | Acquired 3080 gold pieces
 26282 | D:12     | Acquired a +1 tower shield of resistance
 26547 | Spider:1 | Entered Level 1 of the Spider Nest
 26594 | Lair:3   | Received a gift from Okawaru
 27826 | Lair:3   | Received a gift from Okawaru
 28066 | Spider:1 | Identified the cursed +0 kite shield of the Wild Haggis
                  | {rPois}
 28066 | Spider:1 | Noticed Asterion
 28071 | Spider:1 | Noticed an Executioner
 28316 | Spider:1 | Killed Asterion
 28316 | Spider:1 | Received a gift from Okawaru
 28339 | Spider:1 | Reached skill level 18 in Fighting
 28584 | Spider:1 | Noticed Josephine
 28594 | Spider:1 | Killed Josephine
 28594 | Spider:1 | Received a gift from Okawaru
 28715 | Spider:1 | Noticed Kirke
 28769 | Spider:1 | Noticed a sphinx
 28957 | Spider:1 | Killed Kirke
 29269 | Spider:1 | Received a gift from Okawaru
 29649 | Spider:2 | Received a gift from Okawaru
 29791 | Spider:2 | Received a gift from Okawaru
 29794 | Spider:2 | Got a crude crystal plate armour {god gift}
 29810 | Spider:2 | Identified the +1 crystal plate armour "Neim" {Str+4}
                  | (Okawaru gifted it to you on level 2 of the Spider Nest)
 30009 | Spider:2 | Reached skill level 10 in Dodging
 30009 | Spider:2 | Reached XP level 17. HP: 144/166 MP: 13/17
 31165 | Spider:3 | Got a faintly humming buckler
 31176 | Spider:3 | Identified the -5 buckler "Siphod" {Int+3} (You found it on
                  | level 3 of the Spider Nest)
 31297 | Spider:4 | Entered Level 4 of the Spider Nest
 31986 | Spider:4 | Received a gift from Okawaru
 32141 | Spider:4 | Received a gift from Okawaru
 32233 | Spider:4 | HP: 6/166 [tarantella (3)]
 32235 | Spider:4 | HP: 1/166 [jumping spider (5)]
 32235 | Spider:4 | Mangled by a spark wasp

Illustrated notes

Levels and vault maps discovered:
D:1:      minmay_arrival_plants_in_alcoves, layout_loops_ring,
          serial_park_tiny_2
D:2:      layout_loops_ring
D:3:      layout_rooms, makhleb_heckhound_becter
D:4:      layout_basic, first_ration
D:5:      layout_basic, nicolae_overflow_hidden_temple, temple_pool_b,
          gup_sewer_entry_bowl, uniq_pikel
D:6:      layout_loops_corners, gammafunk_temple_overflow_claw, chequers_avenue,
          minmay_unpleasant_kobolds
D:7:      layout_basic, nicolae_ru_the_path_less_chosen
D:8:      layout_gridville, david_lair_shrubbed, grunt_livestock
D:9:      layout_small_grid, ebering_ghost_reflecting_pool
D:10:     layout_roguey, uniq_nergalle, uniq_psyche, uniq_fannar
D:11:     layout_small_grid
D:12:     layout_cave_pools, erik_orc_1, minmay_misc_feat_rugged, uniq_azrael
D:13:     layout_long_grid, grunt_vaults_entry_tiered,
          nicolae_trove_entry_columns, onia_ninara_cookie
D:14:     layout_gridville, uniq_roxanne
D:15:     grunt_enter_depths_snipers, layout_basic,
          chequers_serial_rivers_large_a, nicolae_sextant,
          minmay_diamond_spiral, uniq_rupert
Temple:   minmay_freezing_vapour_temple
Lair:1:   layout_cave_pods, beast_lair_carwin_3
Lair:2:   layout_chaotic_city, minmay_swamp_entry_worms,
          portal_ice_cave_entry_ice_beasts, pond
Lair:3:   layout_loops_ring, nicolae_spider_entry_non_spiders,
          gauntlet_entry_generic
Lair:4:   layout_regular_city, nicolae_lair_grove_arrangements, minivault_27,
          uniq_snorg, uniq_urug, uniq_nessos
Lair:5:   layout_regular_city, serial_bayou_shore_b, uniq_sonja
Lair:6:   wormcave, layout_loops_ring, minmay_slime_entry_oklob_open,
          kilobyte_rumbling_trees, lemuel_fruit_fields,
          infiniplex_staircase_pool
Spider:1: layout_spider_delve, nicolae_spider_nook, uniq_josephine, uniq_kirke,
          uniq_asterion
Spider:2: layout_chambers
Spider:3: layout_spider_delve
Spider:4: grunt_spider_rune_parallel
Orc:1:    layout_diamond_mine, basic_altar, minmay_orc_barracks
Orc:2:    grunt_orc_community_town_hall, layout_caves,
          grunt_orc_community_big_house_2, grunt_orc_community_big_house_2,
          grunt_orc_community_house_3, grunt_orc_community_house_1,
          grunt_orc_community_house_1, grunt_orc_community_house_1,
          grunt_orc_community_house_3

Skill      XL: |  1  2  3  4  5  6  7  8  9 10 11 12 13 14 15 16 17 |
---------------+----------------------------------------------------+-----
Shields        | 4 5 6 8 9 10 11 12 13 14 16 | 16.8
Fighting       | 4 5 6 8 9 10 12 13 14 16 17 18 | 18.8
Armour         | 4 5 7 8 9 10 11 12 13 | 13.6
Maces & Flails | 3 4 5 6 8 9 11 13 14 15 16 17 | 17.4
Slings         | 1 2 3 4 |  4.6
Dodging        | 1 2 5 8 10 | 10.9
Throwing       | 1 2 3 4 5 6 7 8 9 |  9.4
Long Blades    | 2 3 4 |  4.1
Invocations    | 1 2 |  2.6
Stealth        | |  0.2
Evocations     | |  0.6

Action                   |  1- 3 |  4- 6 |  7- 9 | 10-12 | 13-15 | 16-18 || total
-------------------------+-------+-------+-------+-------+-------+-------++-------
Melee: Flail             |    85 |    26 |       |       |       |       ||   111
       Headbutt          |     9 |    20 |    50 |   169 |   415 |   249 ||   912
       Morningstar       |       |   105 |   342 |   812 |  1806 |   933 ||  3998
       Scimitar          |       |       |       |    35 |    39 |       ||    74
 Fire: Hunting sling     |    30 |    49 |    27 |     7 |       |       ||   113
Throw: Dart              |       |       |    13 |    68 |    76 |       ||   157
       Throwing net      |       |       |       |     1 |       |       ||     1
       Boomerang         |       |       |       |    43 |    40 |   305 ||   388
       Javelin           |       |       |       |     5 |    92 |       ||    97
Invok: Heroism           |       |       |     2 |    13 |    14 |    10 ||    39
       Finesse           |       |       |       |       |     4 |     4 ||     8
Evoke: Wand              |       |       |     1 |       |     8 |       ||     9
  Use: Potion            |       |       |     1 |     9 |     2 |     6 ||    18
       Scroll            |       |       |     9 |     5 |    12 |     7 ||    33
  Eat: Chunk             |     2 |     4 |     1 |     6 |    15 |     2 ||    30
       Ration            |       |       |     4 |     7 |     9 |     6 ||    26
Armor: Scale mail        |    57 |    42 |       |       |       |       ||    99
       Chain mail        |       |     7 |    17 |       |       |       ||    24
       Plate armour      |       |       |   176 |   369 |   676 |   529 ||  1750
Dodge: Dodged            |    33 |    41 |    79 |   199 |   403 |   297 ||  1052
Block: Kite shield       |    51 |    79 |   208 |   520 |  1019 |    71 ||  1948
       Tower shield      |       |       |       |       |       |  1084 ||  1084
       Rpst.: Scimitar   |       |       |       |     4 |     2 |       ||     6
